 Dungeon Crawl Stone Soup version 0.28.0 (webtiles) character file.

Game seed: 7252032784284081783

179 willcat the Sneak (level 5, -3/36 HPs)
             Began as an Octopode Delver on Feb 7, 2022.
             Killed from afar by an orc wizard (12 damage)
             ... with a puff of flame
             ... on level 6 of the Dungeon.
             The game lasted 00:00:34 (203 turns).

willcat the Sneak (Octopode Delver)                  Turns: 203, Time: 00:00:35

Health: -3/36      AC:  1    Str: 11    XL:     5   Next: 59%
Magic:  5/5        EV: 14    Int: 15    God:
Gold:   0          SH:  0    Dex: 13    Spells: 4/4 levels left

rFire   . . .      SeeInvis .   a - +0 short sword
rCold   . . .      Faith    .   (no shield)
rNeg    . . .      Spirit   .   (helmet restricted)
rPois   .          Reflect  .   (no amulet)
rElec   .          Harm     .   (no ring)
rCorr   .          Rampage  .   (no ring)
Will    .....                   (no ring)
Stlth   +++++.....              (no ring)
HPRegen 0.12/turn               (no ring)
MPRegen 0.09/turn               (no ring)
                                (no ring)
                                (no ring)

@: lethally poisoned (-3 -> -7)
A: almost no armour, amphibious, 8 rings, camouflage 1, gelatinous body 1,
(nimble swimmer 1), tentacles
a: no special abilities


You were on level 6 of the Dungeon.
You visited 1 branch of the dungeon, and saw 2 of its levels.

Inventory:

Hand Weapons
 a - a +0 short sword (weapon)
Wands
 f - a wand of digging (3)
Scrolls
 b - a scroll of fog
 c - a scroll of magic mapping
 d - a scroll of fear
Potions
 e - a potion of haste
 g - a potion of heal wounds {unknown}


   Skills:
 - Level 3.0 Fighting
 + Level 3.5 Short Blades
 + Level 3.6 Dodging
 + Level 7.9 Stealth


You had 4 spell levels left.
You didn't know any spells.
Your spell library was empty.

Dungeon Overview and Level Annotations

Branches:
Dungeon (6/15)
 Temple: D:4-7

Altars:


Innate Abilities, Weirdness & Mutations

You cannot wear most types of armour.
You are amphibious.
You can wear up to eight rings at the same time.
Your skin changes colour to match your surroundings (Stealth+).
Your rubbery body absorbs attacks. (AC +1, EV +1)
((You are camouflaged when in or above water. (Stealth+)))
You have tentacles for arms and can constrict up to eight enemies at once.


Message History

You hear the sound of rushing water.
There is an entrance to a sewer on this level.
Hurry and find it before the portal rusts away!
Reactivating autopickup.
Found a scroll labelled CUGIWI ZUTEY and a hunting sling.
There is a stone staircase leading up here.
There are monsters nearby!
The helpless orc wizard fails to defend itself.
You impale the orc wizard!!
You kill the orc wizard!
The orc priest shouts!
The orc shouts! x2; The hound barks!
The hound pauses to sniff the ground.
The orc wizard shouts!
You hear an angry hiss.
The orc wizard casts a spell at you. You resist with some effort.
The orc priest hits you with a +0 trident.
You hit the orc priest but do no damage.
Your grab misses the orc priest. The orc priest completely misses you.
The hound misses you.
Unknown command.
You hit the orc priest. You grab the orc priest.
The orc priest is moderately wounded.
You constrict the orc priest. The orc priest misses you.
The orc closely misses you. The hound misses you.
Unknown command.
You hit the orc priest but do no damage.
You squeeze the orc priest.
The orc priest is heavily wounded.
You constrict the orc priest.
The orc wizard hits you with a +0 dagger of venom.
You are poisoned.
The hound bites you. The orc barely misses you.
The orc priest invokes the aid of Beogh against you.
Pain shoots through your body! The orc barely misses you.
You barely miss the orc priest.
The orc priest is heavily wounded.
You constrict the orc priest.
You feel sick. The hound bites you.
* * * LOW HITPOINT WARNING * * *
The orc wizard casts a spell at you. The puff of flame hits you!
You die...

#
######.####
#?.o.......
#..@o..###.
#.ooh..#
#......#
#).....#
#......#
########


You could see a hound, an orc priest, an orc wizard and 2 orcs.

Vanquished Creatures
  Sigmund (D:5)
  An orc wizard (D:6)
2 creatures vanquished.

Notes
Turn   | Place    | Note
-------+----------+-------------------------------------------
     0 | D:5      | willcat the Octopode Delver began the quest for the Orb.
     0 | D:5      | Reached XP level 1. HP: 16/16 MP: 1/1
    16 | D:5      | Noticed a sky beast
    21 | D:5      | Noticed a centaur
    45 | D:5      | Noticed Sigmund
    53 | D:5      | Killed Sigmund
    54 | D:5      | Reached skill level 7 in Stealth
    54 | D:5      | Reached XP level 2. HP: 14/21 MP: 2/2
    54 | D:5      | Reached XP level 3. HP: 17/26 MP: 3/3
    54 | D:5      | Reached XP level 4. HP: 20/31 MP: 4/4
    54 | D:5      | Reached XP level 5. HP: 24/36 MP: 5/5
   203 | D:6      | Killed from afar by an orc wizard

Illustrated notes

Levels and vault maps discovered:
D:5:      layout_loops_ring, minitemple, minmay_misc_feat_nine_boxes,
          uniq_sigmund
D:6:      layout_basic, cheibrodos_sewer_entry_sluice, chequers_garden,
          uniq_grinder

Skill      XL: |  1 |
---------------+----+-----
Short Blades   | 3 |  3.5
Dodging        | 3 |  3.6
Stealth        | 7 |  7.9
Fighting       | |  3.0

Action                   |  1- 3 |  4- 6 || total
-------------------------+-------+-------++-------
Melee: Short sword       |     6 |     5 ||    11
       Constrict         |     1 |     1 ||     2
       Tentacles         |     1 |     1 ||     2
 Stab: Sleeping          |     1 |     1 ||     2
Dodge: Dodged            |     2 |     7 ||     9
